 Dungeon Crawl Stone Soup version 0.28-a0-1518-gbe868bca14 (webtiles) character file.

Game seed: 16732886715759796417

28 Demosthentine the Cutter (level 3, 0/24 HPs)
             Began as a Kobold Berserker on Jan 16, 2022.
             Was a Believer of Trog.
             Slain by a kobold (4 damage)
             ... on level 2 of the Dungeon.
             The game lasted 00:00:47 (1323 turns).

Demosthentine the Cutter (Kobold Berserker)         Turns: 1323, Time: 00:00:48

Health: 0/24       AC:  2    Str: 16    XL:     3   Next: 27%
Magic:  3/3        EV: 15    Int:  8    God:    Trog [**....]
Gold:   74         SH:  0    Dex: 14    Spells: 2/2 levels left

rFire   . . .      SeeInvis .   a - +0 short sword
rCold   . . .      Faith    .   (no shield)
rNeg    . . .      Spirit   .   b - +0 animal skin
rPois   .          Reflect  .   (no helmet)
rElec   .          Harm     .   (no cloak)
rCorr   .          Rampage  .   (no gloves)
Will    .....                   (no boots)
Stlth   ++........              (no amulet)
HPRegen 0.08/turn               (no ring)
MPRegen 0.08/turn               (no ring)

@: no status effects
A: small, no large weapons, nightstalker 3
a: Renounce Religion, Berserk, Trog's Hand


You were on level 2 of the Dungeon.
You worshipped Trog.
Trog was pleased with you.
You visited 1 branch of the dungeon, and saw 2 of its levels.

You collected 74 gold pieces.

Inventory:

Hand Weapons
 a - a +0 short sword (weapon)
Armour
 b - a +0 animal skin (worn)
Scrolls
 f - a scroll of magic mapping {unknown}
Potions
 c - a potion of ambrosia {unknown}
 d - a potion of curing {unknown}
 e - 3 potions of brilliance {unknown}
 g - a potion of cancellation {unknown}


   Skills:
 + Level 3.6 Fighting
 + Level 4.4 Short Blades
 + Level 2.0 Armour
 + Level 3.0 Dodging


You had 2 spell levels left.
You didn't know any spells.
Your spell library was empty.

Dungeon Overview and Level Annotations

Branches:
Dungeon (2/15)

Altars:


Innate Abilities, Weirdness & Mutations

You are small and have problems with some larger weapons.
You are completely attuned to the shadows.


Message History

You are too injured to fight recklessly!
Unknown command.
You closely miss the quokka.
The quokka is almost dead.
The ball python bites you. The ball python constricts you.
The quokka bites you but does no damage.
Unknown command.
You barely miss the quokka.
The quokka is almost dead.
The ball python completely misses you. The ball python constricts you.
* * * LOW HITPOINT WARNING * * *
The quokka bites you.
* * * LOW HITPOINT WARNING * * *
Unknown command.
You hit the ball python.
You kill the ball python!
Trog accepts your kill.
You can now call upon Trog for regeneration and willpower.
The quokka misses you.
Unknown command.
You hit the quokka.
You kill the quokka!
Trog accepts your kill.
Unknown command.
You see here a quokka corpse.
Unknown command.
A kobold comes into view. It is wielding a +0 whip.
A kobold is nearby!
A kobold is nearby!
A kobold is nearby!
You are too injured to fight recklessly!
The kobold throws a stone.
The stone hits you but does no damage.
You closely miss the kobold. The kobold hits you with a +0 whip.
You hit the kobold but do no damage. You closely miss the kobold.
The kobold hits you with a +0 whip.
* * * LOW HITPOINT WARNING * * *
You closely miss the kobold. You punch the kobold.
The kobold is moderately wounded.
The kobold hits you with a +0 whip.
You die...

##...## #....)#
##.....###
.........#.#
#K..##.#.###
#@....)....
#..†#†#..#
#...#....####
#........)... #.)#
#. ...#....†.....
#..#
##.#########.#.####
#..# #.....# #.#.#
#..####
#.....#######.#.#
#.<....
..............#.#


You could see a kobold.

Vanquished Creatures
  A dart slug (D:2)
  5 endoplasms
  A goblin (D:1)
  2 hobgoblins
  3 quokkas (D:2)
  A ball python (D:2)
  2 bats (D:1)
  3 frilled lizards
  5 kobolds
  A rat (D:2)
24 creatures vanquished.

Notes
Turn   | Place    | Note
-------+----------+-------------------------------------------
     0 | D:1      | Demosthentine the Kobold Berserker began the quest for the
                  | Orb.
     0 | D:1      | Reached XP level 1. HP: 14/14 MP: 1/1
   356 | D:1      | Reached XP level 2. HP: 19/19 MP: 2/2
   886 | D:1      | Found a faded altar of an unknown god.
  1176 | D:2      | Reached XP level 3. HP: 20/23 MP: 3/3
  1287 | D:2      | Reached ** piety under Trog
  1323 | D:2      | Slain by a kobold

Illustrated notes

Levels and vault maps discovered:
D:1:      erik_arrival_triangle_large, layout_basic,
          chequers_ecumenical_altar_island,
          wander_ebering_terrifying_dragon_lair
D:2:      layout_loops_ring, uniq_sigmund

Skill      XL: |  1  2  3 |
---------------+----------+-----
Dodging        | 3 |  3.0
Armour         | 2 |  2.0
Fighting       | |  3.6
Short Blades   | |  4.4

Action                   || total
-------------------------++-------
Melee: Short sword       ||    62
       Punch             ||     2
  Use: Scroll            ||     1
 Stab: Sleeping          ||     6
Armor: Animal skin       ||     6
Dodge: Dodged            ||    29

Table legend: (Time is in decaauts)
 A = Elapsed time spent in this place.
 B = Non-inter-level travel time spent in this place.
 C = Inter-level travel time spent in this place.
 D = Time resting spent in this place.
 E = Time spent auto-exploring this place.
 F = Levels seen in this place.
 G = Mean time per level.
                   A        B        C        D        E       F      G
               +--------+--------+--------+--------+--------+-----+--------+
         Total |   1323 |   1297 |     26 |      0 |   1154 |   2 |  661.5 |
       Dungeon |   1323 |   1297 |     26 |      0 |   1154 |   2 |  661.5 |
               +--------+--------+--------+--------+--------+-----+--------+

Top non-repeatable levels by time:
     D:1: 1036 daAuts
     D:2: 287 daAuts
